cohdb
Replays
Latest Replays
All Replays
Popular Replays
Top Player Replays
Match Explorer
How It Works
Community
CoH3 Stats
Reddit
Sign in to upload your games and track your stats! →
Sign in with Steam
Match 45133717
Unlisted
Match 45133717
Overview
Messages
Build Orders
End
Royal Engineer Section
Construct Section Command Post
Dingo Light Scout Car
Dingo Light Scout Car
Royal Engineer Section
Construct Platoon Command Post
Selects Air and Sea Battlegroup
Selects Commando Section Paradrop
Selects Commando Support Section Paradrop
6-pounder Anti-tank Gun Team
CMP 15cwt Truck
Selects Supply Surplus
Construct Resource Cache
Construct Resource Cache
Commando Section Paradrop
Commando Section Paradrop
Construct Company Command Post
Crusader II Medium Tank
Selects Anti-tank Rocket Loiter
Selects UNKNOWN (223837)
Anti-tank Rocket Loiter
T0MMY
Pioneer Combine
1003604386
Sayamander 🐉
CosmoBluePlanet
LLDK80
ssd4184
Navier_Stokes
0
0
Comments
sign in to comment!
No comments posted yet!